 Dungeon Crawl Stone Soup version 0.29-a0-824-gd827844252 (webtiles) character file.

Game seed: 15165719622002522281

64 coolguy69 the Cutter (level 4, 0/24 HPs)
             Began as a Vine Stalker Monk on July 10, 2022.
             Splashed by a jelly's acid (5 damage)
             ... on level 3 of the Dungeon.
             The game lasted 00:01:34 (2188 turns).

coolguy69 the Cutter (Vine Stalker Monk)            Turns: 2188, Time: 00:01:34

Health: 0/24       AC: -8    Str: 15    XL:     4   Next: 12%
Magic:  0/14       EV: 12    Int: 10    God:
Gold:   117        SH:  0    Dex: 17    Spells: 3/3 levels left

rFire   . . .      SeeInvis .   a - +0 short sword
rCold   . . .      Faith    .   (no shield)
rNeg    . . .      Spirit   +   l - +0 leather armour
rPois   .          Reflect  .   n - +1 helmet
rElec   .          Harm     .   (no cloak)
rCorr   .          Rampage  .   o - +0 pair of gloves
Will    .....                   k - +0 pair of boots
Stlth   ++........              (no amulet)
HPRegen 0.88/turn               h - ring of magical power
MPRegen 0.14/turn               (no ring)

@: corroded
A: fangs 2, regeneration 1, magic shield, antimagic bite, no potion heal 2
a: no special abilities


You were on level 3 of the Dungeon.
You visited 1 branch of the dungeon, and saw 3 of its levels.

You collected 117 gold pieces.

Inventory:

Hand Weapons
 a - a +0 short sword (weapon)
Armour
 k - a +0 pair of boots (worn)
 l - a +0 leather armour (worn)
 n - a +1 helmet (worn)
 o - a +0 pair of gloves (worn)
Jewellery
 b - a ring of ice
 h - a ring of magical power (left hand)
Scrolls
 d - a scroll of fear {unknown}
 e - a scroll of teleportation {unknown}
 g - a scroll of vulnerability {unknown}
 j - 2 scrolls of identify {unknown}
 m - a scroll of fog {unknown}
 q - 2 scrolls of blinking {unknown}
Potions
 c - a potion of ambrosia
 f - a potion of resistance {unknown}
 i - a potion of lignification {unknown}
 p - a potion of degeneration {unknown}


   Skills:
 + Level 3.1 Fighting
 + Level 3.2 Short Blades
 + Level 0.3 Armour
 + Level 2.9 Dodging
 + Level 3.0 Stealth


You had 3 spell levels left.
You didn't know any spells.
Your spell library contained the following spells:

 Spells                   Type           Power      Damage    Failure   Level
 Call Canine Familiar     Summ           0%         N/A       80%         3
 Gell's Gravitas          Tloc           0%         N/A       80%         3
 Portal Projectile        Hex/Tloc       0%         N/A       80%         3
 Teleport Other           Tloc           0%         N/A       80%         3
 Leda's Liquefaction      Hex/Erth       0%         N/A       99%         4
 Dispersal                Tloc           0%         N/A       100%        6


Dungeon Overview and Level Annotations

Branches:
Dungeon (3/15)

Altars:


Innate Abilities, Weirdness & Mutations

You have extremely sharp teeth.
Your natural rate of healing is unusually fast.
When hurt, damage is shared between your health and your magic reserves.
Your bite disrupts and absorbs the magic of your enemies.
Potions cannot restore your health.


Message History

You see here a +0 short sword.
A jelly is nearby!
You hit the jelly.
Your hands burn!
You bite the jelly. You drain its power.
You feel invigorated.
The jelly is moderately wounded.
The jelly hits you. The acid corrodes you!
You are splashed with acid!
You hit the jelly but do no damage.
Your hands burn!
You bite the jelly. You drain its power.
You feel invigorated.
The jelly is moderately wounded.
The jelly hits you.
You are splashed with acid!
You are too injured to fight recklessly!
You are too injured to fight recklessly!
You are too injured to fight recklessly!
You are too injured to fight recklessly!
You see here a +0 short sword.
The jelly attacks as you move away! The jelly hits you. The acid corrodes you!
You are splashed with acid.
Found a scroll labelled QIUKOS NYIGECA.
Found 8 gold pieces.
Found a bubbling puce potion.
The jelly attacks as you move away! The jelly hits you. The acid corrodes you!
You are splashed with acid!
* * * LOW HITPOINT WARNING * * *
The jelly attacks as you move away! The jelly misses you.
The jelly attacks as you move away! The jelly hits you.
You are splashed with acid.
* * * LOW HITPOINT WARNING * * *
A rat comes into view.
The jelly attacks as you move away! The jelly closely misses you.
The jelly attacks as you move away! The jelly barely misses you.
Okay, then.
The jelly attacks as you move away! The jelly closely misses you.
The jelly attacks as you move away! The jelly hits you. The acid corrodes you!
You are splashed with acid!
* * * LOW HITPOINT WARNING * * *
The jelly misses you. The jelly attacks as you move away! The jelly hits you.
* * * LOW HITPOINT WARNING * * *
The acid corrodes you!
You are splashed with acid.
You die...

#..# #..# #..#
..# ..# #.# #.#
#####@# #....J#
#....r# #.....#
#....## #....#
#....######. #
#...........
##.#.........#.


You could see a jelly and a rat.

Vanquished Creatures
  2 adders (D:2)
  2 dart slugs (D:2)
  5 ball pythons
  5 bats
  An endoplasm (D:1)
  A giant cockroach (D:1)
  2 goblins (D:1)
  4 hobgoblins
  5 jackals (D:1)
  3 quokkas (D:1)
  3 frilled lizards
  3 kobolds
  3 rats (D:1)
39 creatures vanquished.

Notes
Turn   | Place    | Note
-------+----------+-------------------------------------------
     0 | D:1      | coolguy69 the Vine Stalker Monk began the quest for the
                  | Orb.
     0 | D:1      | Reached XP level 1. HP: 11/11 MP: 2/2
   413 | D:1      | Reached XP level 2. HP: 16/16 MP: 3/3
   434 | D:1      | Found a faded altar of an unknown god.
   963 | D:1      | Reached XP level 3. HP: 20/20 MP: 4/4
  1824 | D:2      | Gained mutation: Your natural rate of healing is unusually
                  | fast. [Vine Stalker growth]
  1824 | D:2      | Reached XP level 4. HP: 24/24 MP: 5/5
  2182 | D:3      | HP: 1/24 [acid (7)]
  2188 | D:3      | Splashed by a jelly's acid

Illustrated notes

Levels and vault maps discovered:
D:1:      spicycebolla_arrival_xxxplode, layout_basic,
          chequers_ecumenical_altar_island, kennysheep_crisscross,
          minmay_misc_feat_nine_boxes
D:2:      layout_basic
D:3:      layout_basic, mainiacjoe_overflow_24_doors, uniq_robin

Skill      XL: |  1  2  3 |
---------------+----------+-----
Fighting       | 3 |  3.1
Short Blades   | 3 |  3.2
Stealth        | 3 |  3.0
Armour         | |  0.3
Dodging        | |  2.9

Action                   |  1- 3 |  4- 6 || total
-------------------------+-------+-------++-------
Melee: Short sword       |    89 |     3 ||    92
       Bite              |    23 |     2 ||    25
 Stab: Sleeping          |     6 |     1 ||     7
Armor: Robe              |    13 |       ||    13
       Leather armour    |     9 |       ||     9
Dodge: Dodged            |    67 |     5 ||    72

Table legend: (Time is in decaauts)
 A = Elapsed time spent in this place.
 B = Non-inter-level travel time spent in this place.
 C = Inter-level travel time spent in this place.
 D = Time resting spent in this place.
 E = Time spent auto-exploring this place.
 F = Levels seen in this place.
 G = Mean time per level.
                   A        B        C        D        E       F      G
               +--------+--------+--------+--------+--------+-----+--------+
         Total |   2185 |   2108 |     77 |    322 |   1447 |   3 |  728.3 |
       Dungeon |   2185 |   2108 |     77 |    322 |   1447 |   3 |  728.3 |
               +--------+--------+--------+--------+--------+-----+--------+

Top non-repeatable levels by time:
     D:1: 1451 daAuts
     D:2: 699 daAuts
     D:3: 34 daAuts
